[Event "GER-ch Youth ODJM 2019"]
[Site "Willingen"]
[Date "2019.06.12"]
[Round "6.10"]
[White "Knudsen, Simon"]
[Black "Gorainow, Nikita"]
[Result "1-0"]
[ECO "B31"]
[WhiteElo "2166"]
[BlackElo "1929"]
[Annotator "NA"]
[PlyCount "48"]
[EventDate "2019.06.07"]
[EventType "swiss"]
[EventRounds "9"]
[EventCountry "GER"]
[SourceTitle "playchess.com"]
[Source "ChessBase"]
[SourceQuality "1"]
[TimeControl "40/5400+30:1800+30"]

1. e4 c5 2. Nf3 Nc6 3. Bb5 g6 4. Bxc6 bxc6 5. O-O Bg7 6. Re1 Nh6 7. c3 O-O 8. h3 f5 9. e5 Nf7 10. d3 Ba6 11. Na3 d6 12. Bf4 g5 13. Bxg5 Nxe5 14. Nxe5 Bxe5 15. Qa4 Bxd3 16. Rad1 Be4 17. f3 Bg3 18. fxe4 Bxe1 19. Rxe1 Qd7 20. e5 d5 21. Qh4 Qe6 22. Bxe7 Rf7 23. Bf6 Kf8 24. Nc2 Rb8 {[%emt 0:00:32] normal} 1-0

[Event "GER-ch Youth ODJM 2019"]
[Site "Willingen"]
[Date "2019.06.12"]
[Round "6.11"]
[White "Hartmann, Jakob"]
[Black "Lohr, Maximilian"]
[Result "1-0"]
[ECO "B01"]
[WhiteElo "2144"]
[BlackElo "1981"]
[Annotator "NA"]
[PlyCount "67"]
[EventDate "2019.06.07"]
[EventType "swiss"]
[EventRounds "9"]
[EventCountry "GER"]
[SourceTitle "playchess.com"]
[Source "ChessBase"]
[SourceQuality "1"]
[TimeControl "40/5400+30:1800+30"]

1. e4 d5 2. exd5 Qxd5 3. Nc3 Qd6 4. d4 Nf6 5. Nf3 a6 6. g3 b5 7. Bg2 Bb7 8. O-O e6 9. Ne5 Bxg2 10. Kxg2 c5 11. Qf3 Ra7 12. Bf4 Qb6 13. dxc5 Bxc5 14. Nd3 Bd4 15. Ne2 Nc6 16. c3 e5 17. Nxd4 exd4 18. Bd6 Rd7 19. Rfe1+ Kd8 20. Bc5 Qb7 21. cxd4 Na5 22. Bb6+ Qxb6 23. Qa8+ Kc7 24. Rac1+ Nc4 25. Qxh8 Qxd4 26. Qxg7 Qd5+ 27. Kg1 Nh5 28. Qe5+ Kb6 29. Qxd5 Rxd5 30. Nb4 Rd6 31. b3 Nd2 32. Kg2 Rg6 33. Nd5+ Ka5 34. Rc2 {[%emt 0:00:42] normal} 1-0

[Event "GER-ch Youth ODJM 2019"]
[Site "Willingen"]
[Date "2019.06.12"]
[Round "6.12"]
[White "Leser, Katrin"]
[Black "Dietz, Florian"]
[Result "1-0"]
[ECO "B48"]
[WhiteElo "2036"]
[BlackElo "2139"]
[Annotator "NA"]
[PlyCount "82"]
[EventDate "2019.06.07"]
[EventType "swiss"]
[EventRounds "9"]
[EventCountry "GER"]
[SourceTitle "playchess.com"]
[Source "ChessBase"]
[SourceQuality "1"]
[TimeControl "40/5400+30:1800+30"]

1. e4 c5 2. Nf3 e6 3. d4 cxd4 4. Nxd4 Nc6 5. Nc3 Qc7 6. Be3 a6 7. Qd2 Nf6 8. f3 Be7 9. O-O-O b5 10. g4 Nxd4 11. Bxd4 Bb7 12. Ne2 Rc8 13. Kb1 O-O 14. h4 e5 15. Be3 d5 16. g5 d4 17. Bxd4 Nxe4 18. Qd3 Nf2 19. Bxf2 Rcd8 20. Nd4 exd4 21. Qf5 g6 22. Qg4 Qc6 23. Be2 Bc8 24. Qf4 Bf5 25. Bd3 Bd6 26. Qxd4 Qxf3 27. Qf6 Be7 28. Qxe7 Qxf2 29. Rdf1 Qg2 30. Bxf5 gxf5 31. h5 Rd2 32. g6 Rxc2 33. gxf7+ Rxf7 34. Qe8+ Kg7 35. h6+ Kf6 36. Qh8+ Ke7 37. Qe5+ Kd7 38. Rd1+ Rd2 39. Rhe1 Rf8 40. Qe7+ Kc6 41. Re6+ Kd5 {normal} 1-0

[Event "GER-ch Youth ODJM 2019"]
[Site "Willingen"]
[Date "2019.06.12"]
[Round "6.13"]
[White "Nasoyan, Maksim"]
[Black "Wuebker, Paul-Luca"]
[Result "0-1"]
[ECO "B76"]
[WhiteElo "1877"]
[BlackElo "2035"]
[Annotator "NA"]
[PlyCount "106"]
[EventDate "2019.06.07"]
[EventType "swiss"]
[EventRounds "9"]
[EventCountry "GER"]
[SourceTitle "playchess.com"]
[Source "ChessBase"]
[SourceQuality "1"]
[TimeControl "40/5400+30:1800+30"]

1. e4 c5 2. Nf3 d6 3. d4 cxd4 4. Nxd4 Nf6 5. Nc3 g6 6. f3 Bg7 7. Be3 O-O 8. Qd2 Nc6 9. g4 Be6 10. Nxe6 fxe6 11. O-O-O Ne5 12. Be2 Qc8 13. Kb1 Nfd7 14. f4 Nc4 15. Bxc4 Qxc4 16. Qd3 Qb4 17. a3 Qa5 18. Ne2 Qa4 19. e5 Rad8 20. exd6 Nf6 21. dxe7 Rxd3 22. exf8=Q+ Kxf8 23. Bc5+ Kf7 24. Rxd3 Qc6 25. Rhd1 Qxc5 26. g5 Nd5 27. Ng3 Qc4 28. h4 Bf8 29. Rd4 Qb5 30. c4 Nc3+ 31. Kc2 Qa4+ 32. Kxc3 Bg7 33. R1d3 Qc6 34. Kd2 Qg2+ 35. Ne2 Bxd4 36. Rxd4 Ke7 37. c5 Qh1 38. b4 Qxh4 39. b5 Qh1 40. Nc3 Qf3 41. a4 e5 42. Re4 Kd7 43. fxe5 Qf2+ 44. Kd3 Qxc5 45. e6+ Ke7 46. Re3 b6 47. Ne4 Qa3+ 48. Nc3 Qd6+ 49. Ke2 Qc5 50. Ne4 Qc2+ 51. Kf3 Kxe6 52. Nf6+ Kf5 53. Ng4 Qd3 {normal} 0-1

[Event "GER-ch Youth ODJM 2019"]
[Site "Willingen"]
[Date "2019.06.12"]
[Round "6.14"]
[White "von Estorff, Jacob"]
[Black "Kolb, Tobias"]
[Result "1-0"]
[ECO "B12"]
[WhiteElo "2041"]
[BlackElo "1915"]
[Annotator "NA"]
[PlyCount "55"]
[EventDate "2019.06.07"]
[EventType "swiss"]
[EventRounds "9"]
[EventCountry "GER"]
[SourceTitle "playchess.com"]
[Source "ChessBase"]
[SourceQuality "1"]
[TimeControl "40/5400+30:1800+30"]

1. e4 c6 2. d4 d5 3. e5 c5 4. c3 Nc6 5. Be3 Nh6 6. Bd3 Nf5 7. Nf3 Nxe3 8. fxe3 Bg4 9. Nbd2 e6 10. O-O Be7 11. Kh1 O-O 12. h3 Bh5 13. a3 a6 14. Qe1 b5 15. Qg3 Bg6 16. Bxg6 hxg6 17. dxc5 Bxc5 18. Ng5 Be7 19. Ndf3 Re8 20. Nxf7 Kxf7 21. Nd4+ Kg8 22. Nxc6 Qc7 23. Nd4 Bf6 24. Nf3 a5 25. Kh2 Be7 26. Qxg6 Bc5 27. Ng5 Qxe5+ 28. Rf4 {[%emt 0:00:12] normal} 1-0

[Event "GER-ch Youth ODJM 2019"]
[Site "Willingen"]
[Date "2019.06.12"]
[Round "6.15"]
[White "Parvanyan, Alfred"]
[Black "Fistoul, Boris"]
[Result "1-0"]
[ECO "A00"]
[WhiteElo "2066"]
[BlackElo "1918"]
[Annotator "NA"]
[PlyCount "91"]
[EventDate "2019.06.07"]
[EventType "swiss"]
[EventRounds "9"]
[EventCountry "GER"]
[SourceTitle "playchess.com"]
[Source "ChessBase"]
[SourceQuality "1"]
[TimeControl "40/5400+30:1800+30"]

1. g3 e6 2. Bg2 f5 3. d4 Nf6 4. c4 g6 5. Nf3 Bg7 6. O-O O-O 7. Qc2 d6 8. b3 Nc6 9. Bb2 Ne4 10. Rd1 Qe8 11. d5 Nb4 12. Qc1 e5 13. a3 Na6 14. b4 b6 15. Ne1 Qf7 16. Nd3 Bd7 17. a4 Rae8 18. a5 Bc8 19. Nd2 Bh6 20. e3 Nxd2 21. Qxd2 f4 22. exf4 exf4 23. Qc3 Bg7 24. Qxg7+ Qxg7 25. Bxg7 Kxg7 26. axb6 axb6 27. b5 Nc5 28. Nxf4 g5 29. Nd3 Bg4 30. Nxc5 Bxd1 31. Ne6+ Rxe6 32. dxe6 Bg4 33. Bd5 Re8 34. Ra7 Re7 35. f3 Bh3 36. g4 h5 37. Kf2 hxg4 38. Kg3 Kf6 39. fxg4 Bf1 40. Ra3 Be2 41. h3 Bd1 42. Rc3 Ke5 43. Rc1 Ba4 44. Rf1 Bxb5 45. Rf5+ Kd4 46. cxb5 {[%emt 0:00:00] normal Kxd5} 1-0

[Event "GER-ch Youth ODJM 2019"]
[Site "Willingen"]
[Date "2019.06.12"]
[Round "6.16"]
[White "Kracht, Raphael"]
[Black "Gerlach, Felix Tobias"]
[Result "1/2-1/2"]
[ECO "C68"]
[WhiteElo "1976"]
[BlackElo "2079"]
[Annotator "NA"]
[PlyCount "51"]
[EventDate "2019.06.07"]
[EventType "swiss"]
[EventRounds "9"]
[EventCountry "GER"]
[SourceTitle "playchess.com"]
[Source "ChessBase"]
[SourceQuality "1"]
[TimeControl "40/5400+30:1800+30"]

1. e4 e5 2. Nf3 Nc6 3. Bb5 a6 4. Bxc6 dxc6 5. O-O Bd6 6. d4 exd4 7. Qxd4 f6 8. Nc3 Be6 9. Be3 Ne7 10. Rad1 O-O 11. h3 Ng6 12. Qd2 Qe7 13. Nd4 Rad8 14. Qe2 Bc8 15. Rfe1 Rfe8 16. Nf5 Qe5 17. Nxd6 cxd6 18. Bb6 Rd7 19. g3 Qe6 20. Qh5 Rde7 21. b3 Qxh3 22. Qxh3 Bxh3 23. Rxd6 f5 24. Bd8 Re6 25. Rxe6 Rxe6 26. Re3 {normal} 1/2-1/2

[Event "GER-ch Youth ODJM 2019"]
[Site "Willingen"]
[Date "2019.06.13"]
[Round "7.1"]
[White "Schmied, Elias"]
[Black "Astner, Sebastian"]
[Result "0-1"]
[ECO "D00"]
[WhiteElo "1669"]
[BlackElo "1870"]
[Annotator "NA RC"]
[PlyCount "64"]
[EventDate "2019.06.07"]
[EventType "swiss"]
[EventRounds "9"]
[EventCountry "GER"]
[SourceTitle "playchess.com"]
[Source "ChessBase"]
[SourceQuality "1"]
[TimeControl "40/5400+30:1800+30"]

1. d4 d5 2. Bf4 Bf5 3. Nf3 e6 4. e3 Nf6 5. Bd3 Bg6 6. O-O Bd6 7. Bg3 O-O 8. c4 c6 9. Nc3 Qc7 10. Rc1 Bxg3 11. hxg3 Nbd7 12. cxd5 exd5 13. b4 Qd6 14. Bxg6 hxg6 15. Qb3 Nb6 16. Nd2 Rfc8 17. Rc2 Qd8 18. Rfc1 Ne8 19. b5 Nd6 20. bxc6 bxc6 21. Na4 Nbc4 22. Nb2 Rab8 23. Qc3 Nb5 24. Qd3 Nba3 25. Nbxc4 Nxc2 26. Rxc2 dxc4 27. Qxc4 Qd5 28. Nb3 Qxc4 29. Rxc4 Kf8 30. Na5 Rb1+ 31. Kh2 Ke7 32. Rxc6 Rh8# {normal} 0-1

[Event "GER-ch Youth ODJM 2019"]
[Site "Willingen"]
[Date "2019.06.13"]
[Round "7.2"]
[White "Matthes, Benjamin"]
[Black "Werner, Tom"]
[Result "1-0"]
[ECO "C00"]
[WhiteElo "1737"]
[BlackElo "1772"]
[Annotator "NA RC"]
[PlyCount "109"]
[EventDate "2019.06.07"]
[EventType "swiss"]
[EventRounds "9"]
[EventCountry "GER"]
[SourceTitle "playchess.com"]
[Source "ChessBase"]
[SourceQuality "1"]
[TimeControl "40/5400+30:1800+30"]

1. e4 e6 2. Nf3 d5 3. e5 c5 4. b4 cxb4 5. a3 Nc6 6. axb4 Bxb4 7. c3 Be7 8. d4 Bd7 9. Bd3 a6 10. O-O b5 11. Re1 Qb6 12. Be3 Na5 13. Nbd2 Nc4 14. Nxc4 bxc4 15. Bc2 Bd8 16. Qe2 Ne7 17. Reb1 Qa7 18. Ra2 Nf5 19. Rab2 Bc6 20. Bxf5 exf5 21. e6 fxe6 22. Bg5 Qd7 23. Ne5 Qd6 24. Bxd8 Rxd8 25. Qh5+ g6 26. Nxg6 hxg6 27. Qxh8+ Kf7 28. Qh7+ Kf6 29. Rb6 Qd7 30. Qh4+ Kg7 31. Qg5 Bb5 32. Rb7 Qxb7 33. Qxd8 Qf7 34. Qd6 Qf6 35. Re1 Kf7 36. Qc7+ Qe7 37. Qe5 Qf6 38. Qc7+ Qe7 39. Qe5 Qf6 40. f4 Qxe5 41. fxe5 g5 42. g4 f4 43. Ra1 Kg6 44. Kf2 Kh6 45. Kf3 Kg6 46. h4 Kh6 47. hxg5+ Kxg5 48. Ra3 Be8 49. Rxa6 Bg6 50. Rxe6 Be4+ 51. Kf2 Kxg4 52. Rf6 Kg5 53. Rf8 Bf5 54. Rg8+ Bg6 55. Kf3 {[%emt 0:00:23] normal} 1-0

[Event "GER-ch Youth ODJM 2019"]
[Site "Willingen"]
[Date "2019.06.13"]
[Round "7.3"]
[White "Wichert, Eddi"]
[Black "Guenther, Emil"]
[Result "1-0"]
[ECO "A00"]
[WhiteElo "1702"]
[BlackElo "1689"]
[Annotator "NA RC"]
[PlyCount "147"]
[EventDate "2019.06.07"]
[EventType "swiss"]
[EventRounds "9"]
[EventCountry "GER"]
[SourceTitle "playchess.com"]
[Source "ChessBase"]
[SourceQuality "1"]
[TimeControl "40/5400+30:1800+30"]

1. Nc3 d5 2. e4 Nf6 3. exd5 Nxd5 4. Nf3 e6 5. d4 Nxc3 6. bxc3 c5 7. Bd3 Be7 8. Ne5 Nd7 9. O-O Nxe5 10. dxe5 c4 11. Bxc4 Qxd1 12. Rxd1 Bd7 13. Be3 Bc6 14. a4 a6 15. Bb6 O-O 16. Rd4 Rfc8 17. a5 Bd8 18. Bxd8 Rxd8 19. Rb1 h6 20. f3 Rdc8 21. Bd3 Rc7 22. Kf2 Rac8 23. c4 Kh8 24. Ke3 Kg8 25. Kd2 g5 26. Kc3 Bd5 27. Kb4 Bc6 28. Be2 Kf8 29. h4 Kg7 30. g3 Rh8 31. f4 gxh4 32. gxh4 Rg8 33. Rg1+ Kh8 34. Rxg8+ Kxg8 35. Bd3 Kg7 36. Rd6 Rc8 37. f5 exf5 38. Bxf5 Rc7 39. e6 fxe6 40. Rxe6 h5 41. Rg6+ Kf8 42. Rh6 Bf3 43. Rh8+ Ke7 44. Rh7+ Kd6 45. Rxc7 Kxc7 46. c5 Kc6 47. c4 Kc7 48. Kc3 Kd8 49. Kd4 Ke7 50. Ke5 Be2 51. Be6 Bf1 52. Bd5 Kd7 53. Bxb7 Bxc4 54. Bf3 Bf7 55. Kf6 Be8 56. Kg5 Bf7 57. Bxh5 Bd5 58. Be2 Kc6 59. Bxa6 Kxc5 60. Be2 Kd6 61. Kf6 Kd7 62. h5 Be4 63. h6 Kc6 64. Kg7 Kb7 65. h7 Bxh7 66. Kxh7 Ka7 67. Kg6 Kb7 68. Kf6 Ka7 69. Ke6 Kb7 70. Kd6 Ka7 71. Kc7 Ka8 72. Kb6 Kb8 73. a6 Ka8 74. Bf3+ {[%emt 0:00:00] normal} 1-0

[Event "GER-ch Youth ODJM 2019"]
[Site "Willingen"]
[Date "2019.06.13"]
[Round "7.4"]
[White "von der Weyden, Louis"]
[Black "Grossmann, Piet"]
[Result "0-1"]
[ECO "A13"]
[WhiteElo "1670"]
[BlackElo "1801"]
[Annotator "NA RC"]
[PlyCount "118"]
[EventDate "2019.06.07"]
[EventType "swiss"]
[EventRounds "9"]
[EventCountry "GER"]
[SourceTitle "playchess.com"]
[Source "ChessBase"]
[SourceQuality "1"]
[TimeControl "40/5400+30:1800+30"]

1. c4 e6 2. e4 d5 3. cxd5 exd5 4. exd5 Nf6 5. Nc3 Nxd5 6. Bc4 Nb6 7. Be2 Be7 8. d4 c6 9. Nf3 O-O 10. O-O Be6 11. Be3 N8d7 12. Qc2 h6 13. Rfd1 Nf6 14. Ne5 Nbd5 15. Nxd5 Nxd5 16. Bd2 Qb6 17. Nf3 Bf6 18. Qe4 Rfe8 19. Qc2 Bg4 20. Qc4 Bxf3 21. Bxf3 Bxd4 22. Bxd5 Bxf2+ 23. Kh1 cxd5 24. Qxd5 Rad8 25. Qf3 Bd4 26. Bc3 Bxc3 27. Rxd8 Rxd8 28. Qxc3 Qf2 29. Rb1 Qd2 30. Qxd2 Rxd2 31. Kg1 a6 32. a4 Rd4 33. b3 Rb4 34. Rb2 f6 35. Kf2 a5 36. Ke3 b5 37. axb5 Rxb5 38. Kd3 a4 39. Kc4 Rxb3 40. Rxb3 axb3 41. Kxb3 Kf7 42. Kc4 Ke6 43. Kd4 Kf5 44. Ke3 Kg4 45. Ke4 h5 46. Ke3 h4 47. Ke2 Kf4 48. Kf2 g6 49. Ke2 g5 50. Kf2 g4 51. Ke2 Ke4 52. Kf2 f5 53. g3 hxg3+ 54. hxg3 Kd3 55. Kf1 Ke3 56. Kg2 Ke2 57. Kg1 Kf3 58. Kh2 Kf2 59. Kh1 Kxg3 {normal} 0-1

[Event "GER-ch Youth ODJM 2019"]
[Site "Willingen"]
[Date "2019.06.13"]
[Round "7.4"]
[White "Apel, Linus"]
[Black "Navarro Jahnke, Eric"]
[Result "1/2-1/2"]
[ECO "C16"]
[WhiteElo "1410"]
[BlackElo "1259"]
[Annotator "NA RC"]
[PlyCount "52"]
[EventDate "2019.06.07"]
[EventType "swiss"]
[EventRounds "9"]
[EventCountry "GER"]
[SourceTitle "playchess.com"]
[Source "ChessBase"]
[SourceQuality "1"]
[TimeControl "40/5400+30:1800+30"]

1. e4 e6 2. d4 d5 3. Nc3 Bb4 4. e5 Bxc3+ 5. bxc3 Nc6 6. f4 Qh4+ 7. g3 Qd8 8. Nf3 Nge7 9. Bd3 O-O 10. g4 Bd7 11. h4 Re8 12. g5 Nf5 13. Kf2 Nce7 14. Ba3 Rb8 15. Bxe7 Qxe7 16. Qc1 c5 17. a3 Rbc8 18. Qd2 Ba4 19. h5 Rc7 20. Nh4 g6 21. Nf3 Rec8 22. Ra2 cxd4 23. cxd4 Rc3 24. hxg6 fxg6 25. Rb1 b6 26. Rb4 Bd7 {[%emt 0:01:41] normal} 1/2-1/2

[Event "GER-ch Youth ODJM 2019"]
[Site "Willingen"]
[Date "2019.06.13"]
[Round "7.5"]
[White "Petersen, Finn Christopher"]
[Black "Ortlepp, Klaudia"]
[Result "1-0"]
[ECO "C55"]
[WhiteElo "1780"]
[BlackElo "1570"]
[Annotator "NA RC"]
[PlyCount "83"]
[EventDate "2019.06.07"]
[EventType "swiss"]
[EventRounds "9"]
[EventCountry "GER"]
[SourceTitle "playchess.com"]
[Source "ChessBase"]
[SourceQuality "1"]
[TimeControl "40/5400+30:1800+30"]

1. e4 e5 2. Nf3 Nc6 3. d4 exd4 4. Bc4 Nf6 5. e5 d5 6. Bb5 Ne4 7. Nxd4 Bd7 8. Bxc6 bxc6 9. O-O Bc5 10. f3 Ng5 11. f4 Ne4 12. Be3 Rb8 13. Nd2 Bxd4 14. Bxd4 Bf5 15. b3 Qe7 16. Nxe4 Bxe4 17. Bxa7 Rb5 18. a4 Ra5 19. Be3 O-O 20. c3 c5 21. Qe1 Rfa8 22. Rf2 Rb8 23. b4 Ra6 24. Bxc5 Qd7 25. b5 Rg6 26. Qe3 Ra8 27. Rb2 Qg4 28. g3 Rxa4 29. Rxa4 Qd1+ 30. Kf2 Qxa4 31. Qe2 Rh6 32. h4 Qa8 33. Ra2 Qc8 34. Qg4 f5 35. Qe2 Qd8 36. Ra6 Rxh4 37. gxh4 Qxh4+ 38. Ke3 Qg3+ 39. Kd2 Qxf4+ 40. Be3 Qh4 41. Qf2 Qg4 42. e6 {[%emt 0:02:30] normal} 1-0

[Event "GER-ch Youth ODJM 2019"]
[Site "Willingen"]
[Date "2019.06.13"]
[Round "7.5"]
[White "Arnold, Rubina"]
[Black "Grimm, Nicola Marie"]
[Result "1/2-1/2"]
[ECO "B01"]
[WhiteElo "1329"]
[BlackElo "1459"]
[Annotator "NA RC"]
[PlyCount "74"]
[EventDate "2019.06.07"]
[EventType "swiss"]
[EventRounds "9"]
[EventCountry "GER"]
[SourceTitle "playchess.com"]
[Source "ChessBase"]
[SourceQuality "1"]
[TimeControl "40/5400+30:1800+30"]

1. e4 d5 2. exd5 Qxd5 3. Nc3 Qa5 4. Nf3 Bf5 5. d4 e6 6. Ne5 c6 7. Bd3 Bg6 8. Bf4 Nf6 9. O-O Qd8 10. Bg5 Be7 11. Bxg6 hxg6 12. Qd2 Nbd7 13. Rad1 Qc7 14. Bf4 Bd6 15. Rfe1 Nh5 16. Qe3 Nb6 17. Bg3 O-O-O 18. a3 Nxg3 19. fxg3 Rh5 20. b4 Bxe5 21. dxe5 Rxd1 22. Rxd1 Rxe5 23. Qd4 Nd5 24. Qxa7 Qb6+ 25. Qxb6 Nxb6 26. a4 Nc4 27. Rf1 Rf5 28. Rxf5 gxf5 29. Ne2 Kc7 30. Kf2 Kd6 31. Kf3 Na3 32. c3 Kd5 33. Ke3 Nc4+ 34. Kf4 Nb2 35. a5 Nd1 36. h4 f6 37. g4 fxg4 {[%emt 0:04:36] normal} 1/2-1/2

[Event "GER-ch Youth ODJM 2019"]
[Site "Willingen"]
[Date "2019.06.13"]
[Round "7.6"]
[White "Thumm, Felix"]
[Black "Knerr, Sebastian"]
[Result "0-1"]
[ECO "D05"]
[WhiteElo "1836"]
[BlackElo "1685"]
[Annotator "NA RC"]
[PlyCount "44"]
[EventDate "2019.06.07"]
[EventType "swiss"]
[EventRounds "9"]
[EventCountry "GER"]
[SourceTitle "playchess.com"]
[Source "ChessBase"]
[SourceQuality "1"]
[TimeControl "40/5400+30:1800+30"]

1. d4 d5 2. Nf3 Nf6 3. e3 e6 4. Nbd2 Bd6 5. Bd3 Nbd7 6. e4 e5 7. O-O O-O 8. exd5 Nxd5 9. dxe5 Nxe5 10. Nxe5 Bxe5 11. Bxh7+ Kxh7 12. Qh5+ Kg8 13. Qxe5 Re8 14. Qd4 Bf5 15. c3 c5 16. Qxc5 Bd3 17. Qd4 Bxf1 18. Kxf1 Qe7 19. g3 Qe2+ 20. Kg2 Ne3+ 21. Kh3 Qxf2 22. Kh4 Nf5+ {normal} 0-1

[Event "GER-ch Youth ODJM 2019"]
[Site "Willingen"]
[Date "2019.06.13"]
[Round "7.7"]
[White "Andresen, Marc"]
[Black "Dartmann Aubanell, Catriona"]
[Result "0-1"]
[ECO "C06"]
[WhiteElo "1428"]
[BlackElo "1728"]
[Annotator "NA RC"]
[PlyCount "122"]
[EventDate "2019.06.07"]
[EventType "swiss"]
[EventRounds "9"]
[EventCountry "GER"]
[SourceTitle "playchess.com"]
[Source "ChessBase"]
[SourceQuality "1"]
[TimeControl "40/5400+30:1800+30"]

1. e4 e6 2. d4 d5 3. Nd2 Nf6 4. e5 Nfd7 5. c3 c5 6. Bd3 Nc6 7. Ne2 cxd4 8. cxd4 Qb6 9. Nf3 Be7 10. O-O O-O 11. Re1 f6 12. exf6 Nxf6 13. Nf4 Re8 14. a3 Bd6 15. Rb1 Qc7 16. Ne2 e5 17. dxe5 Nxe5 18. Nxe5 Bxe5 19. Ng3 Bg4 20. Be2 Bxg3 21. hxg3 Bxe2 22. Rxe2 Rxe2 23. Qxe2 Re8 24. Qd1 d4 25. Bf4 Qc4 26. Rc1 Qd5 27. Qd3 Qe4 28. Qxe4 Rxe4 29. Rd1 Re2 30. f3 Rxb2 31. Rxd4 Ra2 32. Bd6 Kf7 33. Rc4 Ne8 34. Rf4+ Ke6 35. Bf8 a6 36. Re4+ Kf7 37. Bc5 Nf6 38. Re7+ Kg6 39. Rxb7 Rd2 40. Rb6 Rd5 41. Bb4 a5 42. Bc3 Rd3 43. Bb2 Kf7 44. Ra6 Rd1+ 45. Kh2 Rd5 46. Bc3 Rc5 47. Bxa5 Nd5 48. Bd2 Rc2 49. Bf4 Rc4 50. Be5 Nf6 51. g4 Rc5 52. Bxf6 gxf6 53. Ra8 Rc2 54. Kh3 Kg6 55. a4 Ra2 56. a5 Kg7 57. a6 h6 58. a7 Kh7 59. Kh4 Kg7 60. f4 Kh7 61. g3 Rh2# {normal} 0-1

[Event "GER-ch Youth ODJM 2019"]
[Site "Willingen"]
[Date "2019.06.13"]
[Round "7.8"]
[White "Schilay, Eva"]
[Black "Petri, Ben-Luca"]
[Result "0-1"]
[ECO "C28"]
[WhiteElo "1628"]
[BlackElo "1895"]
[Annotator "NA RC"]
[PlyCount "60"]
[EventDate "2019.06.07"]
[EventType "swiss"]
[EventRounds "9"]
[EventCountry "GER"]
[SourceTitle "playchess.com"]
[Source "ChessBase"]
[SourceQuality "1"]
[TimeControl "40/5400+30:1800+30"]

1. e4 Nf6 2. Nc3 e5 3. Bc4 Nc6 4. d3 Na5 5. Nf3 Nxc4 6. dxc4 d6 7. O-O Be7 8. Be3 O-O 9. Qe2 Ng4 10. Rad1 Nxe3 11. Qxe3 Qe8 12. Nd5 Bd8 13. Rd2 c6 14. Nc3 Qe7 15. Rfd1 Bc7 16. h3 Be6 17. b3 h6 18. Na4 Rfd8 19. Qc3 f5 20. c5 d5 21. exd5 Bxd5 22. Re2 Bxf3 23. Rxd8+ Rxd8 24. Qxf3 Rd1+ 25. Kh2 e4+ 26. g3 Qd7 27. Qe3 Qd4 28. Kg2 Qa1 29. f3 Rh1 30. fxe4 Qf1# {[%emt 0:00:11] normal} 0-1

[Event "GER-ch Youth ODJM 2019"]
[Site "Willingen"]
[Date "2019.06.13"]
[Round "7.9"]
[White "Wuebker, Paul-Luca"]
[Black "Parvanyan, Alfred"]
[Result "0-1"]
[ECO "D85"]
[WhiteElo "2035"]
[BlackElo "2066"]
[Annotator "NA"]
[PlyCount "49"]
[EventDate "2019.06.07"]
[EventType "swiss"]
[EventRounds "9"]
[EventCountry "GER"]
[SourceTitle "playchess.com"]
[Source "ChessBase"]
[SourceQuality "1"]
[TimeControl "40/5400+30:1800+30"]

1. d4 Nf6 2. c4 g6 3. Nc3 d5 4. cxd5 Nxd5 5. e4 Nxc3 6. bxc3 Bg7 7. Be3 c5 8. Nf3 Qa5 9. Qd2 Nc6 10. Rb1 a6 11. Rc1 O-O 12. d5 Rd8 13. c4 Nb4 14. a3 Qxa3 15. Bxc5 Nc2+ 16. Rxc2 Qxc5 17. Be2 Bd7 18. O-O a5 19. Rb1 Ra7 20. Qe3 Rc8 21. Ra2 a4 22. Qxc5 Rxc5 23. Ra3 e6 24. Ne1 Rc8 25. Nd3 {[%emt 0:04:24] normal} 0-1

[Event "GER-ch Youth ODJM 2019"]
[Site "Willingen"]
[Date "2019.06.13"]
[Round "7.10"]
[White "Reimer, Philip"]
[Black "von Estorff, Jacob"]
[Result "0-1"]
[ECO "B38"]
[WhiteElo "1891"]
[BlackElo "2041"]
[Annotator "NA"]
[PlyCount "62"]
[EventDate "2019.06.07"]
[EventType "swiss"]
[EventRounds "9"]
[EventCountry "GER"]
[SourceTitle "playchess.com"]
[Source "ChessBase"]
[SourceQuality "1"]
[TimeControl "40/5400+30:1800+30"]

1. e4 c5 2. Nf3 Nc6 3. d4 cxd4 4. Nxd4 g6 5. c4 Bg7 6. Be3 Nf6 7. Nc3 d6 8. Be2 O-O 9. O-O Bd7 10. f3 Rc8 11. Qd2 Re8 12. Nxc6 bxc6 13. Rad1 Qc7 14. f4 Ng4 15. Kh1 Nxe3 16. Qxe3 Qa5 17. c5 Bxc3 18. bxc3 Rc7 19. cxd6 exd6 20. Rxd6 Qxa2 21. Rfd1 Be6 22. R6d2 Qa5 23. Qg3 Rce7 24. c4 Qc5 25. Rd4 a5 26. Bf1 f6 27. Qc3 Bg4 28. Ra1 Qb4 29. Qg3 Qb2 30. Rxa5 Qxd4 31. Qxg4 Rxe4 {[%emt 0:00:24] normal} 0-1

[Event "GER-ch Youth ODJM 2019"]
[Site "Willingen"]
[Date "2019.06.13"]
[Round "7.11"]
[White "Korten, Lando"]
[Black "Leser, Katrin"]
[Result "1-0"]
[ECO "D35"]
[WhiteElo "2122"]
[BlackElo "2036"]
[Annotator "NA"]
[PlyCount "36"]
[EventDate "2019.06.07"]
[EventType "swiss"]
[EventRounds "9"]
[EventCountry "GER"]
[SourceTitle "playchess.com"]
[Source "ChessBase"]
[SourceQuality "1"]
[TimeControl "40/5400+30:1800+30"]

1. d4 Nf6 2. c4 e6 3. Nc3 d5 4. cxd5 exd5 5. Bg5 Be7 6. e3 c6 7. Bd3 Nbd7 8. Nf3 Ne4 9. Bf4 Ndf6 10. Qc2 Nd6 11. h3 g6 12. g4 Be6 13. O-O-O Qa5 14. Be5 Rg8 15. Ng5 O-O-O 16. Kb1 Nd7 17. Bxd6 Bxg5 18. b4 Qa3 {[%emt 0:01:18] normal} 1-0

[Event "GER-ch Youth ODJM 2019"]
[Site "Willingen"]
[Date "2019.06.13"]
[Round "7.12"]
[White "Weber, Jannis"]
[Black "Brunner, Tobias"]
[Result "1-0"]
[ECO "B01"]
[WhiteElo "1889"]
[BlackElo "2017"]
[Annotator "NA"]
[PlyCount "75"]
[EventDate "2019.06.07"]
[EventType "swiss"]
[EventRounds "9"]
[EventCountry "GER"]
[SourceTitle "playchess.com"]
[Source "ChessBase"]
[SourceQuality "1"]
[TimeControl "40/5400+30:1800+30"]

1. e4 d5 2. exd5 Qxd5 3. Nc3 Qa5 4. d4 c6 5. Nf3 Nf6 6. Bc4 e6 7. Bd2 Qb6 8. a3 Bd6 9. O-O O-O 10. Qe2 Re8 11. b4 a6 12. Ne4 Be7 13. c3 Nbd7 14. Neg5 Nd5 15. Rfe1 Nf8 16. Bd3 Qc7 17. g3 Bf6 18. c4 Ne7 19. Bc3 Neg6 20. h4 Qe7 21. Ne4 Nd7 22. Nxf6+ Nxf6 23. Ne5 Nf8 24. g4 N6d7 25. Nf3 Ng6 26. Bxg6 hxg6 27. d5 Nf6 28. Qe5 cxd5 29. cxd5 Qf8 30. d6 Bd7 31. g5 Nd5 32. Bb2 Rac8 33. Rac1 Nb6 34. Qd4 Nd5 35. Ne5 Rcd8 36. Rc7 f6 37. Nxd7 Qxd6 38. gxf6 {[%emt 0:00:22] normal} 1-0

[Event "GER-ch Youth ODJM 2019"]
[Site "Willingen"]
[Date "2019.06.13"]
[Round "7.13"]
[White "Gerlach, Felix Tobias"]
[Black "Gallasch, Robin"]
[Result "1/2-1/2"]
[ECO "A14"]
[WhiteElo "2079"]
[BlackElo "1889"]
[Annotator "NA"]
[PlyCount "70"]
[EventDate "2019.06.07"]
[EventType "swiss"]
[EventRounds "9"]
[EventCountry "GER"]
[SourceTitle "playchess.com"]
[Source "ChessBase"]
[SourceQuality "1"]
[TimeControl "40/5400+30:1800+30"]

1. c4 Nf6 2. g3 e6 3. Bg2 d5 4. Nf3 Be7 5. O-O O-O 6. b3 b6 7. Bb2 Bb7 8. e3 c5 9. Nc3 Nbd7 10. Qe2 Rc8 11. Rfd1 Qc7 12. Rac1 Rfd8 13. cxd5 Nxd5 14. d4 Nxc3 15. Rxc3 Qb8 16. e4 cxd4 17. Rxc8 Qxc8 18. Nxd4 Nf6 19. e5 Nd5 20. Rc1 Qa8 21. Bh3 a6 22. Qh5 g6 23. Qe2 Bc5 24. Rd1 Ne7 25. Rd2 Bd5 26. Nc2 Nf5 27. b4 Bf8 28. a3 Rc8 29. Ne3 Nxe3 30. Qxe3 Qc6 31. Bf1 a5 32. b5 Qb7 33. Bd4 Bc5 34. h4 Bxd4 35. Rxd4 Rc5 {[%emt 0:04:35] normal} 1/2-1/2